 Dungeon Crawl Stone Soup version 0.20-a0-700-gbd4582c (webtiles) character file.

954 GlassEater the Sneak (level 8, -4/41 HPs)
             Began as a Kobold Enchanter on Feb 21, 2017.
             Was an Initiate of Dithmenos.
             Slain by a gnoll
             ... wielding a +0 whip
              (11 damage)
             ... on level 5 of the Dungeon.
             The game lasted 00:16:20 (7026 turns).

GlassEater the Sneak (Kobold Enchanter)             Turns: 7026, Time: 00:16:20

Health: -4/41      AC:  4    Str:  5    XL:     8   Next: 36%
Magic:  4/14       EV: 17    Int: 18    God:    Dithmenos [......]
Gold:   241        SH:  0    Dex: 16    Spells: 3/15 levels left

rFire    . . .     SeeInvis +   a - +3 dagger
rCold    . . .     Gourm    .   b - +0 robe
rNeg     . . .     Faith    .   (shield restricted)
rPois    .         Spirit   .   (no helmet)
rElec    .         Reflect  .   (no cloak)
rCorr    .         Harm     .   (no gloves)
MR       .....                  q - +1 pair of boots
Stlth    ++++......             (no amulet)
Regen    0.2/turn               (no ring)
MPRegen  0.2/turn               m - ring of see invisible

@: very slightly contaminated
A: carnivore 3
a: Renounce Religion


You were on level 5 of the Dungeon.
You worshipped Dithmenos.
Dithmenos was noncommittal.
You were completely stuffed.

You visited 2 branches of the dungeon, and saw 6 of its levels.

You collected 241 gold pieces.

Inventory:

Hand Weapons
 a - a +3 dagger (weapon)
Armour
 b - a +0 robe (worn)
 k - a +0 shield
 q - a +1 pair of boots (worn)
Jewellery
 i - an uncursed amulet of guardian spirit
 m - a ring of see invisible (left hand)
Wands
 p - a wand of flame (33/48)
 s - a wand of flame (23/48)
 t - a wand of confusion (27/48)
 w - a wand of lightning (7/15)
 x - a wand of paralysis (14/24)
Scrolls
 h - 2 scrolls of teleportation {unknown}
 l - 2 scrolls of magic mapping {unknown}
 n - a scroll of blinking
 r - 2 scrolls of remove curse
 v - a scroll of recharging {unknown}
Potions
 e - a potion of mutation {unknown}
 g - 2 potions of lignification
 j - 3 potions of agility {unknown}
 o - a potion of degeneration {unknown}
Books
 c - a book of Maledictions

   Spells                             Type                      Level
   a - Corona                         Hexes                        1
   b - Ensorcelled Hibernation        Hexes/Ice                    2
   c - Confuse                        Hexes                        3
   d - Tukima's Dance                 Hexes                        3
   e - Dazzling Spray                 Conjuration/Hexes            3
 u - a book of Cantrips

   Spells                             Type                      Level
   a - Confusing Touch                Hexes                        1
   b - Animate Skeleton               Necromancy                   1
   c - Summon Small Mammal            Summoning                    1
   d - Apportation                    Translocation                1
Comestibles
 d - 4 meat rations
 f - a royal jelly


   Skills:
 - Level 0.2 Fighting
 + Level 4.4 Short Blades
 + Level 4.4 Dodging
 + Level 7.3 Stealth
 + Level 4.4 Spellcasting
 + Level 4.7 Hexes
 + Level 3.3 Ice Magic


You had 3 spell levels left.
You knew the following spells:

 Your Spells              Type           Power        Failure   Level  Hunger
a - Corona                Hex            ###....      1%          1    None
b - Ensorcelled Hibernat  Hex/Ice        ###...       4%          2    #......
c - Confuse               Hex            ###.....     10%         3    ###....
d - Tukima's Dance        Hex            ###.....     10%         3    ###....
e - Dazzling Spray        Conj/Hex       ##....       21%         3    ###....


Dungeon Overview and Level Annotations

Branches:
Dungeon (5/15)             Temple (1/1) D:4

Altars:
Ashenzari
Cheibriados
Dithmenos
Elyvilon
Fedhas
Hepliaklqana Ieoh Jian
Kikubaaqudgha
Makhleb
Nemelex Xobeh
Qazlal
Ru
Trog
Uskayaw
Vehumet
Yredelemnul
The Shining One

Annotations:
D:5 tself55's ghost, novice TeAE


Innate Abilities, Weirdness & Mutations

You are small and have problems with some larger weapons.
You are carnivorous and can eat meat at any time.


Message History

Aiming: Dazzling Spray
Press: ? - help, Shift-Dir - straight line, f - gnoll
Aim: a gnoll, wielding a whip You miscast Dazzling Spray.
You are very lightly contaminated with residual magic.
Nothing appears to happen.
The gnoll completely misses you.
You completely miss the gnoll. The gnoll hits you with a whip.
You hit the gnoll.
The gnoll is lightly wounded.
The gnoll hits you with a whip.
* * * LOW HITPOINT WARNING * * *
You hit the gnoll.
The gnoll is moderately wounded.
You hit the gnoll but do no damage.
The gnoll is moderately wounded.
The gnoll hits you with a whip.
* * * LOW HITPOINT WARNING * * *
There is an open door here.
The gnoll hits you with a whip!
You die...

#.........######.............
#........[#...##..#.#........
#......#..#._PP...###.......#
#......####PP.......####.....
#.........####PP......P##.#.#
#.....####...###..PPP_P##...#
####### #...# #..##.P.#.....
##############...###..###########
............g'.g@'...............
##############...####.###.#######
#...# #.#.......... #...#
#.#.#.####### ##### #.#...#
#.##### #.. ###


You could see 2 gnolls.

Vanquished Creatures
  Pikel (D:4)
  2 slaves (D:3)
  A crimson imp (D:3)
  A hound (D:3)
  2 orc wizards (D:3)
  An orc priest (D:4)
  A bullfrog skeleton (D:5)
  2 worker ants (D:4)
  A gnoll (D:5)
  11 adders
  A shadow imp (D:4)
  3 oozes (D:1)
  6 dart slugs
  2 leopard geckos (D:1)
  18 orcs
  A ball python (D:3)
  7 giant cockroaches
  4 goblins
  6 hobgoblins
  3 jackals (D:1)
  7 kobolds
  A quokka (D:4)
  11 bats
  3 frilled lizards
  A jackal skeleton (D:4)
  A jackal zombie (D:5)
  8 rats
106 creatures vanquished.

Vanquished Creatures (collateral kills)
  A gnoll (D:5)
1 creature vanquished.

Vanquished Creatures (others)
  3 dancing weapons
3 creatures vanquished.

Grand Total: 110 creatures vanquished

Notes
Turn   | Place    | Note
-------+----------+-------------------------------------------
     0 | D:1      | GlassEater the Kobold Enchanter began the quest for the Orb.
     0 | D:1      | Reached XP level 1. HP: 10/10 MP: 3/3
    45 | D:1      | Reached XP level 2. HP: 15/15 MP: 5/5
   644 | D:1      | Learned a level 2 spell: Ensorcelled Hibernation
   692 | D:1      | Reached XP level 3. HP: 19/19 MP: 6/6
   710 | D:1      | Reached skill level 1 in Ice Magic
  1469 | D:1      | Learned a level 3 spell: Confuse
  1698 | D:2      | Reached XP level 4. HP: 16/24 MP: 7/7
  2027 | D:2      | Found a burning altar of Makhleb.
  2028 | D:2      | Found a sacrificial altar of Ru.
  2032 | D:2      | Found a bloodstained altar of Trog.
  2032 | D:2      | Found a snail-covered altar of Cheibriados.
  2601 | D:3      | Reached skill level 5 in Stealth
  2601 | D:3      | Reached XP level 5. HP: 28/28 MP: 8/8
  2973 | D:3      | Learned a level 3 spell: Tukima's Dance
  2975 | D:3      | Found a glowing golden altar of the Shining One.
  3023 | D:3      | Reached XP level 6. HP: 32/32 MP: 6/10
  3762 | D:4      | Noticed a slave
  3762 | D:4      | Noticed a slave
  3764 | D:4      | Noticed a slave
  3766 | D:4      | Noticed Pikel
  3767 | D:4      | Noticed a slave
  3773 | D:3      | Killed a slave
  4224 | D:3      | Killed a slave
  5495 | D:4      | Reached XP level 7. HP: 28/36 MP: 12/12
  5650 | D:4      | Found a shadowy altar of Dithmenos.
  5660 | D:4      | Became a worshipper of Dithmenos the Shadowed
  5748 | D:4      | Reached skill level 6 in Stealth
  5788 | D:4      | Found a staircase to the Ecumenical Temple.
  5887 | Temple   | Entered the Ecumenical Temple
  6173 | D:5      | Entered Level 5 of the Dungeon
  6474 | D:4      | Killed Pikel
  6474 | D:4      | Reached skill level 7 in Stealth
  6474 | D:4      | Reached XP level 8. HP: 20/41 MP: 5/14
  6797 | D:5      | Found a blossoming altar of Fedhas.
  6797 | D:5      | Found an ancient bone altar of Kikubaaqudgha.
  6846 | D:5      | Noticed tself55's ghost (novice TeAE)
  6899 | D:5      | Learned a level 3 spell: Dazzling Spray
  7026 | D:5      | Slain by a gnoll

Vault maps used:
D:1:      dpeg_arrival_pond, st_stairs_8
D:2:      grunt_temple_overflow_open
D:3:      tso_metal_star
D:4:      grunt_dithmenos_shadows, temple_green, hex_medium, kennysheep_boxes,
          uniq_pikel
D:5:      grunt_temple_overflow_growth_and_decay, lemuel_blue_sif_altar,
          first_bread, kennysheep_slug_shrine
Temple:   compressed_dpeg_triangle_lava_temple

Skill      XL: |  1  2  3  4  5  6  7 |
---------------+----------------------+-----
Ice Magic      | 2 3 |  3.3
Short Blades   | 2 3 4 |  4.4
Dodging        | 3 4 |  4.4
Stealth        | 5 7 |  7.3
Spellcasting   | 3 4 |  4.4
Hexes          | 4 |  4.7
Fighting       | |  0.2

Action                   |  1- 3 |  4- 6 |  7- 9 || total
-------------------------+-------+-------+-------++-------
Melee: Dagger            |   131 |   286 |    39 ||   456
 Cast: Corona            |     2 |     2 |     1 ||     5
       Ensorcelled Hiber |     3 |    82 |    17 ||   102
       Tukima's Dance    |       |     3 |     1 ||     4
       Confuse           |       |       |     5 ||     5
  Use: Scroll            |       |     9 |       ||     9
 Stab: Sleeping          |    11 |    39 |     8 ||    58
       Confused          |       |       |     1 ||     1
  Eat: Chunk             |    11 |    17 |     6 ||    34
Armor: Robe              |    15 |    50 |     3 ||    68
Dodge: Dodged            |   102 |   292 |    37 ||   431
